AoeStats
← Iamak3186

Arabia

504209510Analyzed
1v1 RM · 29d ago on Sep 4, 2026· 40m 7s· 2 players
Game mode
Random Map
Map size
Tiny (2 player)
Population
200
Speed
Normal
Resources
Standard
Victory
Conquest
Starting age
Dark Age
Ending age
Imperial Age
RankedLock teamsTeams togetherTeam positionsShared explorationLock speedFull tech treeHidden civsTurbo modeCheats
Victory
Defeat
🇨🇳 Berbers · China
1332
+14
🇮🇳 Mongols · India
1294
-14
76561199114178359
6:26 Loom
8:54 Feudal Age
9:23 Double-Bit Axe
17:26 Horse Collar
17:37 Gold Mining
20:34 Castle Age
21:27 Bow Saw
21:04 Crossbowman
22:35 Bloodlines
22:25 Husbandry
24:36 Wheelbarrow
24:14 Fletching
25:41 Bodkin Arrow
26:22 Scale Barding Armor
27:56 Ballistics
31:28 Thumb Ring
31:53 Padded Archer Armor
34:03 Chain Barding Armor
33:53 Forging
38:21 Imperial Age
35:22 Light Cavalry
36:23 Heavy Plow
37:59 Leather Archer Armor
38:35 Elite Camel Archer
39:16 Bracer
40:18 Chemistry
38:57 Heavy Camel Rider
Iamak3186
5:11 Loom
7:51 Feudal Age
9:03 Double-Bit Axe
20:02 Castle Age
20:42 Bloodlines
20:25 Fletching
20:21 Horse Collar
20:34 Gold Mining
22:24 Bodkin Arrow
22:44 Bow Saw
24:23 Wheelbarrow
25:53 Thumb Ring
26:53 Ballistics
31:43 Scale Mail Armor
32:02 Scale Barding Armor
32:19 Town Watch
34:21 Chain Barding Armor
39:44 Forging
42:26 Imperial Age
40:12 Hand Cart
Connection lost

Rejoining the realm…

Still unreachable

The connection could not be restored.

Session expired

The server has moved on; the page needs a fresh start.